3220 views
Uploaded 2020-03-25 18:08:33
Game version 1.32.3
23:35 long 4on4 ladder game on (8)Deadlock_LV
Saved by BaDitO2
3220 views
Uploaded 2020-03-25 18:08:33
Game version 1.32.3
23:35 long 4on4 ladder game on (8)Deadlock_LV


188 units @ 25.3k
/ 3.2k
105 buildings @ 12.8k
/ 4.7k
BaDitO2
(31)
(23:34) : 
| Scroll of Regeneration | 1 | 100 |
| Potion of Mana | 1 | 200 |
| Lesser Clarity Potion | 1 | 70 |
| Scroll of Town Portal | 5 | 1750 |
| Potion of Lesser Invulnerability | 1 | 150 |
| total: | 9 | 2270g |
| Peasant | 13 | 975 | / | 0 |
| Footman | 21 | 2835 | / | 0 |
| Knight | 1 | 245 | / | 60 |
| Flying Machine | 13 | 1300 | / | 390 |
| Siege Engine | 8 | 1560 | / | 480 |
| total: | 56 | 6915g | / | 930w |
| Scout Tower | 2 | 60 | / | 40 |
| Guard Tower | 1 | 70 | / | 50 |
| Altar of Kings | 1 | 180 | / | 50 |
| Farm | 13 | 1040 | / | 260 |
| Barracks | 2 | 320 | / | 120 |
| Town Hall | 1 | 385 | / | 205 |
| Arcane Vault | 1 | 130 | / | 30 |
| Lumber Mill | 1 | 120 | / | 0 |
| Blacksmith | 1 | 140 | / | 60 |
| Workshop | 3 | 420 | / | 420 |
| Keep | 1 | 320 | / | 210 |
| Castle | 1 | 360 | / | 210 |
| total: | 25 | 2795g | / | 1185w |
| 0:04 | Peasant |
| 0:04 | Peasant |
| 0:07 | Altar of Kings |
| 0:21 | Farm |
| 0:23 | Barracks |
| 0:25 | Peasant |
| 0:35 | Peasant |
| 0:42 | Farm |
| 1:00 | Peasant |
| 1:24 | Peasant |
| 1:24 | Peasant |
| 1:28 | Footman |
| 1:46 | Farm |
| 1:48 | Footman |
| 2:01 | Peasant |
| 2:13 | Footman |
| 2:37 | Footman |
| 2:41 | Peasant |
| 2:43 | Farm |
| 2:49 | Flame Strike |
| 2:54 | Footman |
| 2:59 | Peasant |
| 3:09 | Peasant |
| 3:40 | Siphon Mana |
| 3:51 | Peasant |
| 3:57 | Town Hall |
| 3:59 | Arcane Vault |
| 4:19 | Footman |
| 4:45 | Footman |
| 4:59 | Footman |
| 5:32 | Footman |
| 5:43 | Footman |
| 5:45 | Keep |
| 5:46 | Footman |
| 6:08 | Scroll of Regeneration |
| 6:22 | Footman |
| 6:26 | Barracks |
| 6:39 | Footman |
| 6:51 | Footman |
| 6:52 | Footman |
| 7:13 | Footman |
| 7:13 | Footman |
| 7:17 | Flame Strike |
| 7:30 | Peasant |
| 7:58 | Scroll of Town Portal |
| 8:00 | Potion of Mana |
| 8:00 | Lesser Clarity Potion |
| 8:06 | Castle |
| 8:34 | Defend |
| 8:45 | Scout Tower |
| 8:49 | Scout Tower |
| 8:52 | Lumber Mill |
| 9:27 | Footman |
| 9:27 | Footman |
| 9:30 | Siphon Mana |
| 9:41 | Footman |
| 9:52 | Blacksmith |
| 10:25 | Footman |
| 10:31 | Guard Tower |
| 10:33 | Improved Lumber Harvesting |
| 11:30 | Workshop |
| 11:33 | Workshop |
| 11:36 | Workshop |
| 11:53 | Knight |
| 11:55 | Black Gunpowder |
| 11:56 | Iron Plating |
| 12:37 | Flak Cannons |
| 12:59 | Flying Machine |
| 12:59 | Flying Machine |
| 13:03 | Scroll of Town Portal |
| 13:23 | Flying Machine Bombs |
| 13:33 | Flying Machine |
| 13:59 | Flying Machine |
| 14:18 | Flying Machine |
| 14:22 | Farm |
| 14:26 | Scroll of Town Portal |
| 14:54 | Flying Machine |
| 15:02 | Flame Strike |
| 15:15 | Flying Machine |
| 15:21 | Refined Gunpowder |
| 15:21 | Steel Plating |
| 15:42 | Flying Machine |
| 15:51 | Barrage |
| 16:14 | Flying Machine |
| 16:21 | Flying Machine |
| 16:22 | Flying Machine |
| 16:32 | Flying Machine |
| 16:46 | Flying Machine |
| 17:33 | Siege Engine |
| 17:56 | Siege Engine |
| 18:01 | Summon Phoenix |
| 18:54 | Scroll of Town Portal |
| 18:54 | Potion of Lesser Invulnerability |
| 18:59 | Siege Engine |
| 19:13 | Siege Engine |
| 19:30 | Farm |
| 19:30 | Farm |
| 19:31 | Farm |
| 19:31 | Farm |
| 19:31 | Farm |
| 19:54 | Scroll of Town Portal |
| 20:18 | Siege Engine |
| 20:44 | Siege Engine |
| 21:08 | Farm |
| 21:22 | Siege Engine |
| 22:16 | Siege Engine |
| 22:20 | Farm |
| 22:20 | Farm |
| Right click | 1080 |
| Select group | 338 |
| Select | 298 |
| Chat | 298 |
| Build/train/purchase | 120 |
| Misc. action | 68 |
| Assign group | 57 |
| Use ability | 56 |
| Esc | 13 |
| Minimap ping | 10 |
| Resource trade | 5 |
| Item give/drop | 1 |


| Lesser Clarity Potion | 2 | 140 |
| Scroll of Regeneration | 1 | 100 |
| Scroll of Town Portal | 1 | 350 |
| total: | 4 | 590g |
| Peasant | 31 | 2325 | / | 0 |
| Rifleman | 15 | 3075 | / | 450 |
| total: | 46 | 5400g | / | 450w |
| Scout Tower | 9 | 270 | / | 180 |
| Arcane Tower | 3 | 210 | / | 150 |
| Guard Tower | 3 | 210 | / | 150 |
| Farm | 16 | 1280 | / | 320 |
| Altar of Kings | 1 | 180 | / | 50 |
| Blacksmith | 1 | 140 | / | 60 |
| Barracks | 6 | 960 | / | 360 |
| Lumber Mill | 1 | 120 | / | 0 |
| Arcane Vault | 2 | 260 | / | 60 |
| Town Hall | 2 | 770 | / | 410 |
| Keep | 1 | 320 | / | 210 |
| total: | 38 | 3980g | / | 1440w |
| 0:01 | Peasant |
| 0:01 | Peasant |
| 0:05 | Farm |
| 0:07 | Altar of Kings |
| 0:24 | Peasant |
| 0:35 | Peasant |
| 0:56 | Peasant |
| 1:06 | Farm |
| 1:08 | Peasant |
| 1:12 | Blacksmith |
| 1:20 | Peasant |
| 1:25 | Barracks |
| 1:39 | Peasant |
| 1:46 | Farm |
| 1:58 | Peasant |
| 2:06 | Holy Light |
| 2:13 | Rifleman |
| 2:17 | Peasant |
| 2:21 | Scout Tower |
| 2:33 | Peasant |
| 2:48 | Rifleman |
| 2:56 | Peasant |
| 3:08 | Arcane Tower |
| 3:11 | Peasant |
| 3:20 | Farm |
| 3:56 | Lumber Mill |
| 3:59 | Arcane Vault |
| 4:23 | Devotion Aura |
| 4:33 | Keep |
| 4:48 | Town Hall |
| 4:49 | Scout Tower |
| 5:15 | Rifleman |
| 5:43 | Rifleman |
| 5:47 | Arcane Tower |
| 6:30 | Peasant |
| 6:30 | Peasant |
| 6:30 | Peasant |
| 6:43 | Barracks |
| 6:49 | Arcane Vault |
| 7:03 | Rifleman |
| 7:05 | Barracks |
| 7:07 | Peasant |
| 7:07 | Peasant |
| 7:19 | Farm |
| 7:27 | Peasant |
| 7:27 | Peasant |
| 7:27 | Peasant |
| 7:27 | Peasant |
| 7:31 | Holy Light |
| 7:44 | Scout Tower |
| 7:46 | Farm |
| 7:48 | Farm |
| 8:09 | Storm Bolt |
| 8:17 | Rifleman |
| 8:23 | Rifleman |
| 8:32 | Barracks |
| 8:34 | Barracks |
| 8:48 | Arcane Tower |
| 8:53 | Rifleman |
| 9:06 | Long Rifles |
| 9:32 | Scout Tower |
| 9:32 | Scout Tower |
| 9:32 | Scout Tower |
| 9:35 | Barracks |
| 9:37 | Scout Tower |
| 9:37 | Scout Tower |
| 9:38 | Scout Tower |
| 9:40 | Peasant |
| 9:40 | Peasant |
| 9:52 | Rifleman |
| 9:58 | Black Gunpowder |
| 10:02 | Guard Tower |
| 10:22 | Guard Tower |
| 10:33 | Guard Tower |
| 10:40 | Rifleman |
| 10:45 | Farm |
| 10:47 | Farm |
| 10:48 | Farm |
| 10:52 | Farm |
| 10:56 | Farm |
| 10:59 | Rifleman |
| 11:23 | Farm |
| 11:23 | Farm |
| 13:22 | Farm |
| 14:37 | Rifleman |
| 15:01 | Lesser Clarity Potion |
| 15:05 | Scroll of Town Portal |
| 15:15 | Scroll of Regeneration |
| 15:15 | Lesser Clarity Potion |
| 15:51 | Farm |
| 16:08 | Bash |
| 16:24 | Rifleman |
| 16:52 | Refined Gunpowder |
| 17:24 | Storm Bolt |
| 17:29 | Rifleman |
| 18:15 | Town Hall |
| 19:50 | Peasant |
| 20:05 | Peasant |
| 20:07 | Peasant |
| 20:15 | Peasant |
| 21:24 | Bash |
| 21:51 | Devotion Aura |
| 22:13 | Holy Light |
| 22:28 | Rifleman |
| 23:10 | Peasant |
| 23:10 | Peasant |
| 23:10 | Peasant |
| Right click | 1022 |
| Select group | 853 |
| Select | 733 |
| Misc. action | 320 |
| Build/train/purchase | 113 |
| Assign group | 49 |
| Use ability | 41 |
| Esc | 9 |
| Chat | 6 |
| Item give/drop | 4 |
| Remove unit | 3 |


| Rod of Necromancy | 4 | 600 |
| Potion of Healing | 3 | 450 |
| Potion of Mana | 1 | 200 |
| Scroll of Town Portal | 2 | 700 |
| total: | 10 | 1950g |
| Acolyte | 18 | 1350 | / | 0 |
| Ghoul | 6 | 720 | / | 0 |
| Crypt Fiend | 18 | 3870 | / | 720 |
| Obsidian Statue | 4 | 800 | / | 140 |
| total: | 46 | 6740g | / | 860w |
| Nerubian Tower | 2 | 200 | / | 40 |
| Spirit Tower | 3 | 435 | / | 120 |
| Crypt | 3 | 600 | / | 150 |
| Altar of Darkness | 2 | 360 | / | 100 |
| Ziggurat | 10 | 1500 | / | 500 |
| Graveyard | 1 | 215 | / | 0 |
| Tomb of Relics | 2 | 260 | / | 60 |
| Necropolis | 2 | 450 | / | 0 |
| Slaughterhouse | 1 | 140 | / | 135 |
| Sacrificial Pit | 1 | 75 | / | 150 |
| Halls of the Dead | 1 | 320 | / | 210 |
| Black Citadel | 1 | 325 | / | 230 |
| total: | 22 | 3600g | / | 1095w |
| 0:03 | Acolyte |
| 0:10 | Crypt |
| 0:12 | Altar of Darkness |
| 0:16 | Acolyte |
| 0:34 | Ziggurat |
| 0:57 | Graveyard |
| 1:11 | Ghoul |
| 1:21 | Tomb of Relics |
| 1:38 | Ghoul |
| 1:55 | Ziggurat |
| 2:19 | Crypt Fiend |
| 2:19 | Crypt Fiend |
| 2:19 | Crypt Fiend |
| 2:19 | Crypt Fiend |
| 2:21 | Death Coil |
| 2:26 | Rod of Necromancy |
| 2:48 | Crypt Fiend |
| 3:15 | Crypt Fiend |
| 3:39 | Nerubian Tower |
| 3:43 | Spirit Tower |
| 3:53 | Crypt Fiend |
| 4:18 | Crypt Fiend |
| 4:30 | Acolyte |
| 4:45 | Acolyte |
| 5:09 | Unholy Aura |
| 5:31 | Ziggurat |
| 6:10 | Ziggurat |
| 7:02 | Acolyte |
| 7:02 | Acolyte |
| 7:05 | Nerubian Tower |
| 7:51 | Halls of the Dead |
| 8:09 | Crypt Fiend |
| 8:11 | Spirit Tower |
| 8:24 | Ziggurat |
| 8:43 | Rod of Necromancy |
| 9:18 | Spirit Tower |
| 9:48 | Crypt |
| 9:50 | Altar of Darkness |
| 10:59 | Crypt Fiend |
| 10:59 | Crypt Fiend |
| 11:32 | Web |
| 11:55 | Frost Nova |
| 12:01 | Potion of Healing |
| 12:01 | Potion of Mana |
| 12:01 | Scroll of Town Portal |
| 12:04 | Rod of Necromancy |
| 12:04 | Potion of Healing |
| 12:54 | Death Coil |
| 13:04 | Acolyte |
| 13:04 | Acolyte |
| 13:19 | Acolyte |
| 13:33 | Acolyte |
| 13:38 | Slaughterhouse |
| 13:43 | Tomb of Relics |
| 14:03 | Ziggurat |
| 14:18 | Dark Ritual |
| 14:37 | Crypt Fiend |
| 15:10 | Obsidian Statue |
| 15:22 | Acolyte |
| 15:41 | Potion of Healing |
| 15:41 | Rod of Necromancy |
| 16:33 | Unholy Aura |
| 16:38 | Obsidian Statue |
| 17:05 | Frost Nova |
| 17:58 | Crypt Fiend |
| 18:00 | Acolyte |
| 18:00 | Acolyte |
| 18:00 | Acolyte |
| 18:00 | Acolyte |
| 18:03 | Necropolis |
| 18:39 | Ziggurat |
| 18:51 | Scroll of Town Portal |
| 19:09 | Crypt Fiend |
| 19:13 | Black Citadel |
| 19:24 | Creature Attack |
| 19:24 | Creature Carapace |
| 19:28 | Ziggurat |
| 19:29 | Ziggurat |
| 19:31 | Ziggurat |
| 20:17 | Crypt Fiend |
| 20:19 | Acolyte |
| 20:19 | Acolyte |
| 20:19 | Acolyte |
| 21:00 | Frost Armor |
| 21:01 | Death Coil |
| 21:14 | Obsidian Statue |
| 21:14 | Crypt Fiend |
| 21:15 | Crypt Fiend |
| 22:13 | Animate Dead |
| 22:30 | Crypt Fiend |
| 22:31 | Obsidian Statue |
| 22:33 | Sacrificial Pit |
| 22:39 | Necropolis |
| 22:40 | Crypt |
| 23:08 | Ghoul |
| 23:08 | Ghoul |
| 23:08 | Ghoul |
| 23:08 | Ghoul |
| Right click | 1893 |
| Select group | 1148 |
| Select | 575 |
| Misc. action | 311 |
| Build/train/purchase | 121 |
| Assign group | 58 |
| Use ability | 46 |
| Chat | 16 |
| Item give/drop | 4 |
| Minimap ping | 4 |
| Esc | 3 |


| Scroll of Regeneration | 2 | 200 |
| Orb of Fire | 1 | 325 |
| Scroll of Town Portal | 3 | 1050 |
| Scroll of Healing | 1 | 250 |
| total: | 7 | 1825g |
| Peasant | 17 | 1275 | / | 0 |
| Footman | 5 | 675 | / | 0 |
| Spell Breaker | 4 | 860 | / | 120 |
| Knight | 14 | 3430 | / | 840 |
| total: | 40 | 6240g | / | 960w |
| Barracks | 2 | 320 | / | 120 |
| Farm | 11 | 880 | / | 220 |
| Altar of Kings | 1 | 180 | / | 50 |
| Town Hall | 1 | 385 | / | 205 |
| Lumber Mill | 1 | 120 | / | 0 |
| Arcane Vault | 1 | 130 | / | 30 |
| Blacksmith | 1 | 140 | / | 60 |
| Arcane Sanctum | 2 | 300 | / | 280 |
| Keep | 1 | 320 | / | 210 |
| Castle | 1 | 360 | / | 210 |
| total: | 20 | 2455g | / | 965w |
| 0:08 | Peasant |
| 0:08 | Peasant |
| 0:35 | Barracks |
| 0:43 | Farm |
| 0:50 | Altar of Kings |
| 0:54 | Peasant |
| 1:18 | Peasant |
| 1:24 | Farm |
| 1:35 | Peasant |
| 1:38 | Footman |
| 1:51 | Peasant |
| 2:02 | Footman |
| 2:06 | Farm |
| 2:09 | Peasant |
| 2:14 | Footman |
| 2:26 | Peasant |
| 2:44 | Peasant |
| 2:46 | Peasant |
| 2:52 | Storm Bolt |
| 3:16 | Footman |
| 3:16 | Footman |
| 3:26 | Peasant |
| 4:04 | Thunder Clap |
| 4:21 | Town Hall |
| 4:38 | Keep |
| 5:05 | Lumber Mill |
| 5:10 | Barracks |
| 5:12 | Farm |
| 5:17 | Arcane Vault |
| 5:53 | Peasant |
| 5:53 | Peasant |
| 6:02 | Blacksmith |
| 7:01 | Castle |
| 7:07 | Improved Lumber Harvesting |
| 7:10 | Peasant |
| 7:10 | Peasant |
| 7:11 | Peasant |
| 7:30 | Farm |
| 8:03 | Arcane Sanctum |
| 8:21 | Scroll of Town Portal |
| 8:23 | Scroll of Regeneration |
| 8:36 | Iron Plating |
| 8:36 | Iron Forged Swords |
| 8:44 | Arcane Sanctum |
| 8:48 | Farm |
| 8:50 | Peasant |
| 9:15 | Holy Light |
| 9:19 | Spell Breaker |
| 9:29 | Knight |
| 10:12 | Knight |
| 10:12 | Sundering Blades |
| 10:12 | Animal War Training |
| 11:35 | Knight |
| 11:38 | Farm |
| 11:41 | Farm |
| 11:42 | Advanced Lumber Harvesting |
| 12:07 | Control Magic |
| 12:11 | Scroll of Town Portal |
| 12:12 | Orb of Fire |
| 12:35 | Steel Plating |
| 13:14 | Storm Bolt |
| 13:16 | Divine Shield |
| 13:19 | Knight |
| 13:41 | Scroll of Town Portal |
| 14:51 | Knight |
| 14:53 | Mithril Plating |
| 14:53 | Steel Forged Swords |
| 15:13 | Scroll of Regeneration |
| 15:34 | Farm |
| 16:21 | Holy Light |
| 16:48 | Knight |
| 17:24 | Spell Breaker |
| 17:42 | Knight |
| 17:44 | Knight |
| 18:25 | Thunder Clap |
| 18:30 | Devotion Aura |
| 18:47 | Knight |
| 19:04 | Scroll of Healing |
| 19:23 | Knight |
| 19:24 | Mithril Forged Swords |
| 19:27 | Farm |
| 19:29 | Knight |
| 20:07 | Farm |
| 21:30 | Holy Light |
| 21:36 | Knight |
| 21:39 | Storm Bolt |
| 21:40 | Spell Breaker |
| 21:43 | Knight |
| 23:02 | Knight |
| 23:03 | Spell Breaker |
| Right click | 467 |
| Select group | 362 |
| Select | 319 |
| Chat | 146 |
| Build/train/purchase | 82 |
| Assign group | 54 |
| Resource trade | 40 |
| Use ability | 37 |
| Minimap ping | 6 |
| Item give/drop | 2 |
191 units @ 26.8k
/ 3.2k
68 buildings @ 12.1k
/ 4.8k


| Healing Salve | 7 | 700 |
| Lesser Clarity Potion | 13 | 910 |
| Scroll of Speed | 3 | 150 |
| Potion of Mana | 2 | 400 |
| Potion of Healing | 1 | 150 |
| Scroll of Town Portal | 1 | 350 |
| Moonstone | 1 | 50 |
| total: | 28 | 2710g |
| Peon | 11 | 825 | / | 0 |
| Grunt | 6 | 1200 | / | 0 |
| Wind Rider | 9 | 2385 | / | 360 |
| Troll Batrider | 5 | 800 | / | 200 |
| Tauren | 4 | 1120 | / | 320 |
| Obsidian Statue | 1 | 200 | / | 35 |
| total: | 36 | 6530g | / | 915w |
| Altar of Storms | 1 | 180 | / | 50 |
| Orc Burrow | 5 | 800 | / | 200 |
| Voodoo Lounge | 1 | 130 | / | 30 |
| Barracks | 1 | 180 | / | 50 |
| War Mill | 1 | 205 | / | 0 |
| Great Hall | 1 | 385 | / | 185 |
| Beastiary | 2 | 290 | / | 280 |
| Tauren Totem | 1 | 135 | / | 155 |
| Stronghold | 1 | 315 | / | 190 |
| Fortress | 1 | 325 | / | 190 |
| Sacrificial Pit | 1 | 75 | / | 150 |
| total: | 14 | 2380g | / | 1100w |
| 0:03 | Peon |
| 0:03 | Peon |
| 0:03 | Peon |
| 0:07 | Altar of Storms |
| 0:15 | Orc Burrow |
| 0:28 | Peon |
| 0:50 | Voodoo Lounge |
| 0:58 | Peon |
| 0:58 | Peon |
| 1:31 | Barracks |
| 1:37 | Peon |
| 1:39 | Orc Burrow |
| 2:00 | Peon |
| 2:00 | Peon |
| 2:09 | Healing Salve |
| 2:09 | Lesser Clarity Potion |
| 2:09 | Lesser Clarity Potion |
| 2:11 | Feral Spirit |
| 2:12 | Scroll of Speed |
| 2:44 | Grunt |
| 3:06 | Stronghold |
| 3:25 | Grunt |
| 3:42 | Orc Burrow |
| 4:29 | Grunt |
| 4:29 | Grunt |
| 5:05 | Orc Burrow |
| 5:07 | War Mill |
| 5:30 | Chain Lighting |
| 6:13 | Beastiary |
| 6:18 | Beastiary |
| 6:47 | Shockwave |
| 6:50 | Healing Salve |
| 6:50 | Healing Salve |
| 6:51 | Lesser Clarity Potion |
| 6:51 | Lesser Clarity Potion |
| 7:34 | Great Hall |
| 7:55 | Feral Spirit |
| 8:12 | Wind Rider |
| 8:24 | Orc Burrow |
| 8:27 | Reinforced Defenses |
| 9:15 | Wind Rider |
| 9:44 | Wind Rider |
| 10:12 | Wind Rider |
| 10:38 | Wind Rider |
| 10:39 | Steel Ranged Weapons |
| 11:20 | Endurance Aura |
| 11:43 | Wind Rider |
| 12:06 | Thorium Ranged Weapons |
| 12:34 | Wind Rider |
| 12:59 | Wind Rider |
| 14:02 | Scroll of Town Portal |
| 14:35 | Chain Lighting |
| 14:38 | Healing Salve |
| 14:38 | Lesser Clarity Potion |
| 14:38 | Scroll of Speed |
| 14:43 | Lesser Clarity Potion |
| 14:43 | Healing Salve |
| 14:55 | Steel Armor |
| 15:16 | Peon |
| 15:17 | Peon |
| 15:51 | Troll Batrider |
| 16:27 | Wind Rider |
| 16:58 | Shockwave |
| 17:41 | Fortress |
| 17:42 | Troll Batrider |
| 17:42 | Troll Batrider |
| 17:42 | Troll Batrider |
| 17:50 | Moonstone |
| 17:50 | Lesser Clarity Potion |
| 17:58 | Potion of Mana |
| 17:58 | Potion of Mana |
| 18:19 | Troll Batrider |
| 18:37 | Lesser Clarity Potion |
| 18:37 | Lesser Clarity Potion |
| 18:48 | Tauren Totem |
| 19:03 | Healing Salve |
| 19:03 | Lesser Clarity Potion |
| 19:10 | Potion of Healing |
| 19:11 | Lesser Clarity Potion |
| 19:11 | Scroll of Speed |
| 19:18 | Grunt |
| 19:18 | Grunt |
| 19:47 | Feral Spirit |
| 20:04 | Tauren |
| 20:04 | Tauren |
| 21:19 | Endurance Aura |
| 21:35 | Tauren |
| 21:35 | Tauren |
| 21:52 | Lesser Clarity Potion |
| 21:52 | Healing Salve |
| 22:03 | Lesser Clarity Potion |
| 22:09 | Destroyer Form |
| 22:09 | Obsidian Statue |
| 22:13 | Sacrificial Pit |
| Right click | 1056 |
| Select | 349 |
| Select group | 329 |
| Build/train/purchase | 150 |
| Assign group | 89 |
| Use ability | 54 |
| Chat | 15 |
| Item give/drop | 8 |
| Minimap ping | 7 |
| Misc. action | 1 |
| Remove unit | 1 |

| Wisp | 12 | 720 | / | 0 |
| Huntress | 11 | 2145 | / | 220 |
| Dryad | 3 | 435 | / | 180 |
| Druid of the Claw | 13 | 3315 | / | 1040 |
| total: | 39 | 6615g | / | 1440w |
| Altar of Elders | 1 | 180 | / | 50 |
| Moon Well | 8 | 1440 | / | 320 |
| Hunter's Hall | 1 | 210 | / | 100 |
| Ancient of War | 1 | 150 | / | 60 |
| Ancient of Wonders | 1 | 90 | / | 30 |
| Tree of Life | 1 | 340 | / | 185 |
| Ancient of Lore | 2 | 310 | / | 290 |
| Tree of Ages | 1 | 320 | / | 180 |
| Tree of Eternity | 1 | 330 | / | 200 |
| total: | 15 | 2720g | / | 1035w |
| 0:04 | Altar of Elders |
| 0:06 | Wisp |
| 0:15 | Moon Well |
| 0:16 | Wisp |
| 0:34 | Wisp |
| 0:41 | Wisp |
| 0:44 | Wisp |
| 0:45 | Wisp |
| 0:45 | Wisp |
| 0:58 | Wisp |
| 0:58 | Wisp |
| 1:40 | Hunter's Hall |
| 1:44 | Ancient of War |
| 1:46 | Wisp |
| 2:14 | Shadow Strike |
| 2:25 | Moon Well |
| 2:26 | Moon Well |
| 3:11 | Ancient of Wonders |
| 3:14 | Huntress |
| 3:28 | Huntress |
| 3:45 | Huntress |
| 4:24 | Moon Well |
| 4:25 | Huntress |
| 4:34 | Tree of Ages |
| 5:16 | Huntress |
| 5:51 | Huntress |
| 5:51 | Huntress |
| 7:21 | Blink |
| 7:32 | Huntress |
| 7:32 | Huntress |
| 7:35 | Ancient of Lore |
| 7:38 | Ancient of Lore |
| 7:39 | Wisp |
| 7:39 | Wisp |
| 8:43 | Huntress |
| 8:46 | Tree of Eternity |
| 8:52 | Abolish Magic |
| 8:58 | Druid of the Claw Adept Training |
| 8:58 | Dryad |
| 9:27 | Shadow Strike |
| 10:19 | Dryad |
| 10:20 | Dryad |
| 10:21 | Huntress |
| 11:06 | Druid of the Claw Master Training |
| 11:08 | Moon Well |
| 11:09 | Moon Well |
| 11:10 | Druid of the Claw |
| 11:10 | Druid of the Claw |
| 11:30 | Blink |
| 12:45 | Druid of the Claw |
| 13:19 | Moon Well |
| 13:20 | Druid of the Claw |
| 13:36 | Mark of the Claw |
| 13:37 | Druid of the Claw |
| 14:49 | Druid of the Claw |
| 15:23 | Moon Well |
| 15:24 | Druid of the Claw |
| 16:12 | Shadow Strike |
| 17:14 | Druid of the Claw |
| 17:49 | Spirit of Vengeance |
| 18:27 | Druid of the Claw |
| 18:37 | Druid of the Claw |
| 19:15 | Druid of the Claw |
| 19:42 | Tree of Life |
| 19:59 | Druid of the Claw |
| 20:09 | Reinforced Hides |
| 20:09 | Well Spring |
| 21:08 | Druid of the Claw |
| 22:44 | Blink |
| Right click | 1515 |
| Select | 359 |
| Build/train/purchase | 97 |
| Use ability | 67 |
| Chat | 60 |
| Select group | 54 |
| Assign group | 24 |
| Remove unit | 1 |


| Moonstone | 1 | 50 |
| Scroll of Town Portal | 1 | 350 |
| total: | 2 | 400g |
| Wisp | 23 | 1380 | / | 0 |
| Archer | 32 | 4160 | / | 320 |
| Hippogryph | 17 | 2720 | / | 340 |
| total: | 72 | 8260g | / | 660w |
| Moon Well | 8 | 1440 | / | 320 |
| Altar of Elders | 1 | 180 | / | 50 |
| Ancient of War | 2 | 300 | / | 120 |
| Tree of Life | 3 | 1020 | / | 555 |
| Hunter's Hall | 1 | 210 | / | 100 |
| Ancient of Wonders | 1 | 90 | / | 30 |
| Ancient of Wind | 5 | 750 | / | 700 |
| Tree of Ages | 2 | 640 | / | 360 |
| Tree of Eternity | 1 | 330 | / | 200 |
| total: | 21 | 3990g | / | 1875w |
| 0:08 | Wisp |
| 0:08 | Wisp |
| 0:13 | Wisp |
| 0:17 | Wisp |
| 0:17 | Wisp |
| 0:27 | Wisp |
| 0:33 | Wisp |
| 0:39 | Moon Well |
| 0:46 | Altar of Elders |
| 1:07 | Wisp |
| 1:09 | Ancient of War |
| 1:15 | Wisp |
| 1:28 | Moon Well |
| 1:30 | Wisp |
| 1:43 | Wisp |
| 2:13 | Archer |
| 2:20 | Moon Well |
| 2:36 | Archer |
| 2:47 | Entangling Roots |
| 2:52 | Archer |
| 3:08 | Archer |
| 3:17 | Archer |
| 3:31 | Archer |
| 3:46 | Tree of Life |
| 3:57 | Tree of Life |
| 4:17 | Tree of Ages |
| 4:21 | Archer |
| 4:33 | Thorns Aura |
| 5:09 | Archer |
| 5:39 | Archer |
| 5:39 | Archer |
| 5:50 | Archer |
| 5:53 | Moon Well |
| 5:53 | Moon Well |
| 7:03 | Entangling Roots |
| 7:30 | Archer |
| 7:30 | Archer |
| 7:34 | Tree of Eternity |
| 7:48 | Archer |
| 7:50 | Ancient of Wind |
| 7:52 | Ancient of Wind |
| 8:40 | Trueshot Aura |
| 8:43 | Hunter's Hall |
| 9:30 | Archer |
| 9:30 | Archer |
| 9:53 | Thorns Aura |
| 9:54 | Archer |
| 9:57 | Ancient of Wind |
| 9:57 | Ancient of Wind |
| 10:00 | Wisp |
| 10:00 | Wisp |
| 10:00 | Wisp |
| 10:01 | Wisp |
| 10:01 | Wisp |
| 10:02 | Marksmanship |
| 10:13 | Ancient of War |
| 10:17 | Wisp |
| 10:17 | Wisp |
| 10:17 | Wisp |
| 10:18 | Wisp |
| 10:22 | Wisp |
| 10:58 | Improved Bows |
| 11:00 | Archer |
| 11:00 | Archer |
| 11:01 | Strength of the Moon |
| 11:05 | Wisp |
| 11:05 | Wisp |
| 11:18 | Ancient of Wonders |
| 11:20 | Hippogryph |
| 11:20 | Hippogryph |
| 11:20 | Hippogryph |
| 11:31 | Searing Arrows |
| 12:15 | Archer |
| 12:15 | Archer |
| 12:18 | Hippogryph |
| 12:18 | Hippogryph |
| 12:22 | Ancient of Wind |
| 13:13 | Improved Strength of the Moon |
| 13:32 | Hippogryph |
| 13:32 | Hippogryph |
| 13:32 | Hippogryph |
| 13:38 | Moon Well |
| 13:45 | Archer |
| 13:45 | Archer |
| 13:58 | Archer |
| 13:59 | Archer |
| 15:17 | Scroll of Town Portal |
| 15:18 | Moonstone |
| 15:26 | Moon Armor |
| 15:26 | Advanced Strength of the Moon |
| 15:32 | Moon Well |
| 15:33 | Moon Well |
| 15:39 | Archer |
| 16:42 | Entangling Roots |
| 16:56 | Archer |
| 16:57 | Archer |
| 16:57 | Hippogryph |
| 16:57 | Hippogryph |
| 17:06 | Trueshot Aura |
| 17:37 | Hippogryph |
| 17:38 | Archer |
| 18:13 | Improved Moon Armor |
| 18:14 | Reinforced Hides |
| 18:14 | Strength of the Wild |
| 18:24 | Hippogryph |
| 19:52 | Hippogryph |
| 19:53 | Hippogryph |
| 20:23 | Archer |
| 20:24 | Hippogryph |
| 21:52 | Tranquility |
| 22:10 | Tree of Life |
| 22:15 | Archer |
| 22:15 | Archer |
| 22:16 | Hippogryph |
| 22:16 | Hippogryph |
| Right click | 1159 |
| Select | 393 |
| Build/train/purchase | 122 |
| Select group | 86 |
| Chat | 77 |
| Use ability | 48 |
| Assign group | 32 |
| Minimap ping | 4 |



| Rod of Necromancy | 2 | 300 |
| Orb of Corruption | 1 | 375 |
| Scroll of Town Portal | 3 | 1050 |
| total: | 6 | 1725g |
| Acolyte | 10 | 750 | / | 0 |
| Ghoul | 28 | 3360 | / | 0 |
| Crypt Fiend | 5 | 1075 | / | 200 |
| Obsidian Statue | 1 | 200 | / | 35 |
| total: | 44 | 5385g | / | 235w |
| Nerubian Tower | 1 | 100 | / | 20 |
| Ziggurat | 10 | 1500 | / | 500 |
| Crypt | 2 | 400 | / | 100 |
| Altar of Darkness | 1 | 180 | / | 50 |
| Tomb of Relics | 1 | 130 | / | 30 |
| Graveyard | 1 | 215 | / | 0 |
| Necropolis | 2 | 450 | / | 0 |
| Slaughterhouse | 1 | 140 | / | 135 |
| Halls of the Dead | 1 | 320 | / | 210 |
| Black Citadel | 1 | 325 | / | 230 |
| total: | 18 | 3015g | / | 815w |
| 0:04 | Acolyte |
| 0:04 | Acolyte |
| 0:07 | Ziggurat |
| 0:16 | Crypt |
| 0:35 | Altar of Darkness |
| 0:54 | Tomb of Relics |
| 1:01 | Acolyte |
| 1:18 | Ghoul |
| 1:22 | Ghoul |
| 1:37 | Ziggurat |
| 1:55 | Ghoul |
| 2:01 | Ghoul |
| 2:38 | Ghoul |
| 2:40 | Acolyte |
| 2:43 | Death Coil |
| 2:47 | Graveyard |
| 3:00 | Rod of Necromancy |
| 3:10 | Ghoul |
| 3:44 | Ghoul |
| 4:01 | Ziggurat |
| 4:22 | Ziggurat |
| 4:33 | Ziggurat |
| 4:43 | Ziggurat |
| 5:00 | Ziggurat |
| 5:27 | Ghoul |
| 5:27 | Ghoul |
| 5:27 | Ghoul |
| 5:33 | Halls of the Dead |
| 5:35 | Ghoul |
| 5:36 | Ghoul |
| 5:47 | Nerubian Tower |
| 5:58 | Unholy Strength |
| 6:12 | Ghoul |
| 6:43 | Ghoul |
| 6:59 | Ziggurat |
| 7:01 | Ziggurat |
| 7:17 | Unholy Aura |
| 7:56 | Necropolis |
| 8:26 | Rod of Necromancy |
| 9:06 | Scroll of Town Portal |
| 9:24 | Frost Nova |
| 9:28 | Ghoul |
| 9:28 | Ghoul |
| 9:29 | Ghoul |
| 9:50 | Ziggurat |
| 10:14 | Black Citadel |
| 10:47 | Ghoul |
| 10:47 | Ghoul |
| 10:47 | Ghoul |
| 10:47 | Ghoul |
| 11:34 | Acolyte |
| 11:46 | Death Coil |
| 12:57 | Ghoul |
| 12:57 | Ghoul |
| 12:57 | Ghoul |
| 13:22 | Orb of Corruption |
| 13:50 | Acolyte |
| 13:50 | Acolyte |
| 13:50 | Acolyte |
| 13:51 | Acolyte |
| 14:23 | Ghoul Frenzy |
| 14:31 | Slaughterhouse |
| 14:42 | Scroll of Town Portal |
| 14:56 | Ghoul |
| 14:56 | Ghoul |
| 14:57 | Ghoul |
| 15:11 | Ghoul |
| 15:26 | Crypt |
| 15:41 | Frost Arrows |
| 15:58 | Web |
| 16:15 | Crypt Fiend |
| 16:15 | Crypt Fiend |
| 16:33 | Dark Ritual |
| 16:36 | Crypt Fiend |
| 16:59 | Crypt Fiend |
| 17:28 | Forked Lightning |
| 18:35 | Acolyte |
| 18:51 | Crypt Fiend |
| 19:12 | Necropolis |
| 20:10 | Scroll of Town Portal |
| 20:12 | Obsidian Statue |
| 20:50 | Frost Nova |
| Right click | 1143 |
| Misc. action | 466 |
| Select | 337 |
| Select group | 199 |
| Build/train/purchase | 96 |
| Assign group | 38 |
| Use ability | 36 |
| Minimap ping | 16 |
| Esc | 7 |
| Chat | 5 |
⇛